 Dungeon Sprint DCSS version 0.22.1-1-ga44c0e56f4 (webtiles) character file.

11331 MuseOD the Unseen (level 11, -9/63 HPs)
             Began as a Spriggan Enchanter on Oct 1, 2018.
             Was the Champion of Dithmenos.
             Mangled by Ilsuiw
             ... wielding a +0 trident of freezing
              (13 damage)
             ... in the Dungeon (Sprint III: "The Ten Rune Challenge").
             The game lasted 00:12:43 (3948 turns).

MuseOD the Unseen (Spriggan Enchanter)              Turns: 3948, Time: 00:12:44

Health: -9/63      AC:  2    Str:  4    XL:     11   Next: 47%
Magic:  5/25       EV: 29    Int: 19    God:    Dithmenos [******]
Gold:   26         SH:  0    Dex: 18    Spells: 10/28 levels left

rFire    . . .     SeeInvis +   a - +1 dagger
rCold    . . .     Gourm    .   (shield restricted)
rNeg     . . .     Faith    .   b - +0 robe
rPois    .         Spirit   .   (helmet restricted)
rElec    .         Reflect  .   (no cloak)
rCorr    .         Harm     .   (gloves unavailable)
MR       +....     NoTele   +   (boots unavailable)
Stlth    ++++++++++             (no amulet)
HPRegen  0.20/turn              (no ring)
MPRegen  0.19/turn              (no ring)

@: wreathed by umbra, very quick
A: very small, unfitting armour, see invisible, herbivore, speed 3, slow
metabolism 2
a: Shadow Step, Shadow Form, Renounce Religion


You were in the Dungeon.
You worshipped Dithmenos.
Dithmenos was exalted by your worship.
You were not hungry.

You visited 1 branch You collected 26 gold pieces.

Inventory:

Hand Weapons
 a - a +1 dagger (weapon)
Armour
 b - a +0 robe (worn)
Wands
 p - a wand of paralysis (16)
Scrolls
 c - 2 scrolls of torment {unknown}
 k - 3 scrolls of identify
 l - a scroll of magic mapping {unknown}
 n - a scroll of remove curse {unknown}
Potions
 e - a potion of curing
 f - 2 potions of heal wounds
 g - a potion of haste
 h - 2 potions of magic
 i - a potion of berserk rage
 m - a potion of flight {unknown}
 o - 5 potions of mutation
Comestibles
 d - 3 rations


   Skills:
 + Level 10.1 Fighting
 * Level 17.2 Short Blades
 + Level 12.6 Dodging
 + Level 17.5 Stealth
 - Level 9.2 Spellcasting
 + Level 7.0 Conjurations
 + Level 11.2 Hexes


You had 10 spell levels left.
You knew the following spells:

 Your Spells              Type           Power        Failure   Level  Hunger
a - Corona                Hex            ######.      1%          1    None
b - Ensorcelled Hibernat  Hex/Ice        ####..       1%          2    None
c - Confuse               Hex            ######..     1%          3    None
d - Dazzling Spray        Conj/Hex       #####.       1%          3    None
e - Tukima's Dance        Hex            ######..     1%          3    None
f - Conjure Flame         Conj/Fire      ###.....     6%          3    None
g - Mephitic Cloud        Conj/Pois/Air  ###.....     10%         3    None

Your spell library contained the following spells:

 Spells                   Type           Power        Failure   Level  Hunger
 Confusing Touch          Hex            ######       1%          1    None
 Magic Dart               Conj           ####         1%          1    None
 Slow                     Hex            ######..     1%          2    None
 Animate Skeleton         Necr           N/A          9%          1    None
 Apportation              Tloc           #.....       9%          1    None
 Summon Small Mammal      Summ           #...         9%          1    None
 Blink                    Tloc           N/A          12%         2    None
 Call Imp                 Summ           #.......     12%         2    None


Dungeon Overview and Level Annotations

Branches:
Dungeon (1/1)

Altars:
Dithmenos
Elyvilon
Kikubaaqudgha
Okawaru
Ru
Sif Muna
Trog
Uskayaw
Vehumet
Wu Jian
Yredelemnul
Zin
The Shining One
Beogh

Annotations:
D Ilsuiw, Polyphemus


Innate Abilities, Weirdness & Mutations

You are very small and have problems with some larger weapons.
You are too small for most types of armour.
You have supernaturally acute eyesight. (SInv)
You are a herbivore.
You cover ground extremely quickly.
You need to consume almost no food.


Message History

* * * LOW HITPOINT WARNING * * *
Your lungs strain for air!
The water elemental completely misses you.
You bump into the tree.
* * * LOW HITPOINT WARNING * * *
Your lungs strain for air!
The water elemental misses you.
You slip free of the water engulfing you.
You gasp with relief as air once again reaches your lungs.
Ilsuiw hits you with a trident of freezing.
* * * LOW HITPOINT WARNING * * *
Ilsuiw freezes you.
* * * LOW HITPOINT WARNING * * *
You're too confused to cast spells.
There are no items here.
Unknown command.
You feel less confused.
Ilsuiw whispers, "Come on in, the water's fine."
Ilsuiw hits you from afar with a trident of freezing!
You die...

♣♣≈≈≈........≈≈≈
+♣♣'♣≈≈≈≈≈≈≈≈≈≈≈≈♣
#.≈♣♣♣♣♣♣♣♣♣♣♣♣♣♣♣
#..♣♣
###'♣♣♣♣♣♣♣♣♣♣♣♣♣♣
♣♣♣♣.##Em##≈≈≈≈≈≈..
♣§§§##.##.#≈≈≈≈≈...
♣♣§##.##.##EE≈≈≈≈##
♣@E#.##..m#≈≈..§§§
♣♣.##.##.)#m.(+###
♣♣m##.#####E..#
♣.....##(.(E..#
########'########
▓≈≈≈≈§E§≈≈
▓≈≈≈m≈E≈≈≈
▓≈≈≈..≈≈≈≈
▓≈≈.§..≈≈≈


You could see Ilsuiw and a water elemental.

Vanquished Creatures
  Harold (D)
  A yaktaur captain (D)
  Erolcha (D)
  2 hydras (D)
  Urug (D)
  A death drake (D)
  A lindwurm (D)
  Joseph (D)
  A deep elf mage (D)
  2 spiny frogs (D)
  A komodo dragon (D)
  2 yaktaurs (D)
  3 wandering mushrooms (D)
  2 tyrant leeches (D)
  2 dream sheep (D)
  5 redbacks (D)
  A shadow (D)
  A necrophage (D)
  5 two-headed ogres (D)
  A water elemental (D)
  An electric eel (D)
  A jelly (D)
  A wizard (D)
  A necromancer (D)
  A kobold demonologist (D)
  3 humans (D)
  A wolf (D)
  2 oozes (D)
  2 rats (D)
48 creatures vanquished.

Vanquished Creatures (others)
  2 draconian scorchers (D)
  A mummy priest (D)
  A skeletal warrior (D)
  6 hellions (D)
  A yaktaur (D)
  3 orc high priests (D)
  A dream sheep (D)
  A ball lightning (D)
  7 ballistomycetes (D)
  7 ballistomycete spores (D)
  13 plants (D)
43 creatures vanquished.

Grand Total: 91 creatures vanquished

Notes
Turn   | Place    | Note
-------+----------+-------------------------------------------
     0 | D        | MuseOD the Spriggan Enchanter began the quest for the Orb.
     0 | D        | Reached XP level 1. HP: 9/9 MP: 5/5
     9 | D        | Reached skill level 1 in Fighting
     9 | D        | Reached skill level 5 in Stealth
    11 | D        | Reached XP level 2. HP: 14/14 MP: 6/6
    15 | D        | Learned a level 2 spell: Ensorcelled Hibernation
    49 | D        | Reached XP level 3. HP: 14/18 MP: 5/8
    53 | D        | Reached skill level 5 in Short Blades
    58 | D        | Learned a level 3 spell: Confuse
    80 | D        | Killed a yaktaur
    93 | D        | Killed a hellion
    93 | D        | Killed a hellion
    94 | D        | Killed a hellion
   156 | D        | Killed a hellion
   168 | D        | Killed a hellion
   171 | D        | Killed a hellion
   186 | D        | Noticed a water elemental
   189 | D        | Killed a water elemental
   189 | D        | Reached XP level 4. HP: 24/24 MP: 9/11
   214 | D        | Learned a level 3 spell: Dazzling Spray
   214 | D        | Found a basalt altar of Yredelemnul.
   214 | D        | Found a shadowy altar of Dithmenos.
   214 | D        | Found a sacrificial altar of Ru.
   214 | D        | Noticed a necrophage
   228 | D        | Killed a white draconian scorcher
   253 | D        | Killed a white draconian scorcher
   642 | D        | Killed a necrophage
   642 | D        | Reached skill level 5 in Spellcasting
   642 | D        | Reached XP level 5. HP: 27/27 MP: 3/14
   648 | D        | Became a worshipper of Dithmenos the Shadowed
   729 | D        | Found a glowing silver altar of Zin.
   729 | D        | Found a glowing golden altar of the Shining One.
   729 | D        | Found a white marble altar of Elyvilon.
   729 | D        | Noticed a deep elf mage
   744 | D        | Killed a deep elf mage
   744 | D        | Reached skill level 5 in Fighting
   744 | D        | Reached skill level 10 in Short Blades
   744 | D        | Reached XP level 6. HP: 34/34 MP: 3/17
   744 | D        | Reached XP level 7. HP: 37/37 MP: 3/19
   854 | D        | Found a radiant altar of Vehumet.
   855 | D        | Found a deep blue altar of Sif Muna.
   855 | D        | Found an ancient bone altar of Kikubaaqudgha.
   859 | D        | Reached * piety under Dithmenos
   872 | D        | Found a hide-covered altar of Uskayaw.
   872 | D        | Found a roughly hewn altar of Beogh.
   872 | D        | Found an iron altar of Okawaru.
   872 | D        | Found a bloodstained altar of Trog.
   872 | D        | Found an ornate altar of the Wu Jian Council.
   872 | D        | Noticed a human
   873 | D        | Noticed a human
   880 | D        | Killed a human
   888 | D        | Killed a human
  1054 | D        | Noticed a shadow
  1056 | D        | Killed a shadow
  1056 | D        | Reached ** piety under Dithmenos
  1056 | D        | Reached XP level 8. HP: 43/43 MP: 22/22
  1177 | D        | Reached *** piety under Dithmenos
  1177 | D        | Reached skill level 1 in Conjurations
  1180 | D        | Noticed a two-headed ogre
  1183 | D        | Killed a two-headed ogre
  1183 | D        | Reached skill level 5 in Dodging
  1183 | D        | Reached skill level 5 in Hexes
  1187 | D        | Noticed Erolcha
  1188 | D        | Noticed a two-headed ogre
  1190 | D        | Killed Erolcha
  1190 | D        | Reached XP level 9. HP: 48/48 MP: 23/23
  1191 | D        | Killed a two-headed ogre
  1205 | D        | Reached **** piety under Dithmenos
  1299 | D        | Noticed Harold
  1299 | D        | Noticed Joseph
  1310 | D        | Killed Joseph
  1321 | D        | Killed Harold
  1321 | D        | Reached skill level 15 in Stealth
  1321 | D        | Reached XP level 10. HP: 22/55 MP: 13/24
  1514 | D        | Learned a level 3 spell: Tukima's Dance
  1518 | D        | Learned a level 3 spell: Conjure Flame
  1522 | D        | Learned a level 3 spell: Mephitic Cloud
  1527 | D        | Noticed a yaktaur captain
  1996 | D        | Killed a yaktaur captain
  1996 | D        | Reached skill level 15 in Short Blades
  1996 | D        | Reached skill level 5 in Conjurations
  2127 | D        | Reached skill level 10 in Dodging
  2359 | D        | Reached ***** piety under Dithmenos
  2591 | D        | Noticed a spiny frog
  2591 | D        | Noticed a spiny frog
  2594 | D        | Killed a spiny frog
  2597 | D        | Killed a spiny frog
  2600 | D        | Reached skill level 10 in Hexes
  2809 | D        | Noticed a lindwurm
  2819 | D        | Killed a lindwurm
  2819 | D        | Reached ****** piety under Dithmenos
  2819 | D        | Reached XP level 11. HP: 60/60 MP: 19/25
  2923 | D        | Noticed Urug
  2925 | D        | Killed Urug
  2928 | D        | Noticed an eight-headed hydra
  2928 | D        | Noticed a five-headed hydra
  2930 | D        | Killed a five-headed hydra
  2931 | D        | Killed an eight-headed hydra
  2933 | D        | Reached skill level 10 in Fighting
  2936 | D        | Noticed a death drake
  2939 | D        | Killed a death drake
  2981 | D        | Noticed Polyphemus
  2997 | D        | HP: 2/61 [Polyphemus/large rock (22)]
  3293 | D        | Noticed Ilsuiw
  3835 | D        | Killed a mummy priest
  3839 | D        | Killed a skeletal warrior
  3948 | D        | Mangled by Ilsuiw

Skill      XL: |  1  2  3  4  5  6  7  8  9 10 11 |
---------------+----------------------------------+-----
Fighting       | 1 2 3 4 5 6 7 8 9 10 | 10.1
Short Blades   | 3 4 6 8 10 12 13 14 16 17 | 17.2
Stealth        | 5 6 8 9 11 12 14 15 16 17 | 17.5
Spellcasting   | 4 5 7 9 |  9.2
Hexes          | 6 8 10 11 | 11.2
Dodging        | 6 9 11 12 | 12.6
Conjurations   | 3 4 6 7 |  7.0

Action                   |  1- 3 |  4- 6 |  7- 9 | 10-12 || total
-------------------------+-------+-------+-------+-------++-------
Melee: Dagger            |    16 |     7 |    32 |    22 ||    77
 Cast: Ensorcelled Hiber |     4 |       |     4 |     4 ||    12
       Confuse           |       |    10 |     2 |    28 ||    40
       Dazzling Spray    |       |     2 |     5 |    15 ||    22
       Mephitic Cloud    |       |       |       |    13 ||    13
       Conjure Flame     |       |       |       |     1 ||     1
Invok: Shadow Step       |       |       |     1 |     3 ||     4
Evoke: Wand              |       |       |       |     1 ||     1
  Use: Scroll            |       |       |       |     1 ||     1
       Potion            |       |       |       |     1 ||     1
 Stab: Sleeping          |     7 |     1 |    11 |    12 ||    31
       Confused          |       |     3 |     2 |     3 ||     8
       Invisible         |       |       |     2 |       ||     2
       Held in net/web   |       |       |     1 |       ||     1
  Eat: Ration            |       |       |       |     1 ||     1
Dodge: Dodged            |     9 |     6 |     7 |    44 ||    66
